AoeStats
← Shredded_Pork

Arena

506868176Analyzed
4v4 RM · 17d ago on Sep 15, 2026· 45m 58s· 8 players
Game mode
Random Map
Map size
Large (8 player)
Population
200
Speed
Normal
Resources
Standard
Victory
Conquest
Starting age
Dark Age
Ending age
Imperial Age
RankedLock teamsTeams togetherTeam positionsShared explorationLock speedFull tech treeHidden civsTurbo modeCheats
Victory
Defeat
🇨🇳 Portuguese · China
775
+12
🇨🇳 Huns · China
674
+16
🇮🇳 Mongols · India
663
+16
🇮🇳 Burgundians · India
623
+18
🇭🇰 Persians · Hong Kong SAR China
780
-20
🇺🇾 Vietnamese · Uruguay
763
-19
🇲🇽 Spanish · Mexico
584
-12
🇫🇷 Inca · France
572
-11
Shredded_Pork
10:40 Feudal Age
11:35 Double-Bit Axe
20:33 Castle Age
18:38 Stone Mining
19:10 Gold Mining
21:28 Horse Collar
22:00 Bow Saw
22:28 Gold Shaft Mining
22:46 Heavy Plow
33:32 Imperial Age
31:47 Wheelbarrow
32:08 Forging
31:59 Scale Mail Armor
32:05 Marauders
33:30 Hand Cart
34:37 Iron Casting
34:17 Chain Mail Armor
34:40 Conscription
35:26 Husbandry
35:37 Bloodlines
37:12 Blast Furnace
37:24 Two-Man Saw
36:37 Scale Barding Armor
38:41 Chain Barding Armor
40:54 Plate Barding Armor
43:00 Elite Tarkan
Shahanshah 7
13:17 Feudal Age
12:27 Loom
17:29 Wheelbarrow
19:50 Castle Age
22:35 Hand Cart
27:01 Pikeman
32:19 Padded Archer Armor
32:09 Fletching
37:20 Imperial Age
36:26 Nomads
37:07 Double-Bit Axe
37:27 Capped Ram
39:22 Chemistry
39:51 Leather Archer Armor
39:41 Scale Barding Armor
39:32 Bodkin Arrow
39:48 Forging
40:33 Siege Ram
43:31 Elite Mangudai
bnana2K
1:25 Loom
12:10 Feudal Age
16:56 Castle Age
17:22 Stone Mining
17:25 Gold Mining
22:09 Fletching
33:54 Double-Bit Axe
38:29 Fervor
41:03 Imperial Age
38:36 Circumnavigation
39:32 Padded Archer Armor
39:35 Bodkin Arrow
42:45 Conscription
42:44 Bracer
43:02 Bow Saw
42:36 Horse Collar
43:58 Wheelbarrow
45:16 Chemistry
44:37 Ballistics
45:45 Arquebus
47:17 Two-Man Saw
46:20 Heavy Plow
Conquerors
1:20 Loom
12:53 Feudal Age
19:30 Wheelbarrow
21:37 Castle Age
28:20 Light Cavalry
28:21 Cavalier
36:36 Scale Barding Armor
38:38 Forging
chuchorex123
0:29 Loom
12:39 Feudal Age
20:46 Castle Age
20:34 Double-Bit Axe
Vatekushé420_ૐ
13:07 Feudal Age
14:32 Wheelbarrow
17:43 Champi Runner
19:36 Double-Bit Axe
19:33 Horse Collar
19:47 Stone Mining
19:49 Gold Mining
23:51 Castle Age
23:45 Town Watch
24:37 Squires
24:03 Champi Warrior
32:33 Arson
boboy
11:35 Feudal Age
17:00 Castle Age
21:12 Horse Collar
25:26 Loom
jmanuelgiriboni
10:21 Feudal Age
17:05 Castle Age
15:46 Stone Mining
17:02 Loom
17:21 Double-Bit Axe
17:20 Horse Collar
22:10 Wheelbarrow
23:47 Town Watch
26:53 Bow Saw
26:40 Gold Mining
27:04 Heavy Plow
28:19 Hand Cart
28:06 Town Patrol
32:13 Imperial Age
31:50 Bloodlines
31:41 Husbandry
32:54 Scale Barding Armor
32:41 Fletching
34:09 Two-Man Saw
34:04 Forging
33:40 Pikeman
34:26 Scale Mail Armor
34:22 Bodkin Arrow
35:30 Chatras
37:48 Crop Rotation
38:01 Iron Casting
37:47 Chain Barding Armor
38:31 Devotion
39:34 Bracer
39:45 Elite Fire Lancer
42:49 Padded Archer Armor
42:16 Elite Rattan Archer
46:19 Squires
Connection lost

Rejoining the realm…

Still unreachable

The connection could not be restored.

Session expired

The server has moved on; the page needs a fresh start.